 Dungeon Crawl Stone Soup version 0.21.1-1-g345015f (webtiles) character file.

88 microfolk the Ruffian (level 4, 0/35 HPs)
             Began as a Draconian Transmuter on Apr 28, 2018.
             Slain by infcreate's ghost (13 damage)
             ... on level 3 of the Dungeon.
             The game lasted 00:08:57 (3099 turns).

microfolk the Ruffian (Draconian Transmuter)        Turns: 3099, Time: 00:08:59

Health: 0/35       AC:  5    Str: 13    XL:     4   Next: 29%
Magic:  4/8        EV: 12    Int: 14    God:
Gold:   126        SH:  0    Dex: 11    Spells: 2/8 levels left

rFire    . . .     SeeInvis .     - Unarmed
rCold    . . .     Gourm    .   (no shield)
rNeg     . . .     Faith    .   (armour unavailable)
rPois    .         Spirit   .   (helmet restricted)
rElec    .         Reflect  .   (no cloak)
rCorr    .         Harm     .   (no gloves)
MR       .....                  (no boots)
Stlth    +.........             (no amulet)
HPRegen  0.11/turn              (no ring)
MPRegen  0.11/turn              (no ring)

@: appendage
A: unfitting armour, horns 2, cold-blooded, AC +5
a: End Transformation


You were on level 3 of the Dungeon.
You were not hungry.
You had grown temporary horns.
You visited 1 branch of the dungeon, and saw 3 of its levels.

You collected 126 gold pieces.

Inventory:

Hand Weapons
 j - a +0 hunting sling
Missiles
 a - 32 arrows
 d - 161 stones (quivered)
Armour
 p - a cursed +0 buckler
Jewellery
 k - an uncursed amulet of regeneration {unknown}
Scrolls
 e - a scroll of magic mapping {unknown}
 h - a scroll of teleportation
 i - 2 scrolls of enchant armour
 o - 2 scrolls of remove curse {unknown}
 q - a scroll of enchant weapon {unknown}
Potions
 g - 2 potions of haste
 l - a potion of ambrosia
 m - a potion of lignification
 n - 2 potions of mutation
 r - a potion of heal wounds
 t - a potion of berserk rage {unknown}
Books
 b - a book of Changes

   Spells                             Type                      Level
   a - Beastly Appendage              Transmutation                1
   b - Sticks to Snakes               Transmutation                2
   c - Spider Form                    Transmutation/Poison         3
   d - Ice Form                       Ice/Transmutation            4
   e - Blade Hands                    Transmutation                5
Comestibles
 c - 7 rations


   Skills:
 - Level 1.1 Fighting
 - Level 1.7 Dodging
 + Level 3.6 Unarmed Combat
 + Level 2.6 Spellcasting
 * Level 3.5 Transmutations


You had 2 spell levels left.
You knew the following spells:

 Your Spells              Type           Power        Failure   Level  Hunger
a - Beastly Appendage     Tmut           ##....       4%          1    #......
b - Sticks to Snakes      Tmut           ##......     8%          2    ###....
c - Spider Form           Tmut/Pois      #.........   32%         3    ###....


Dungeon Overview and Level Annotations

Branches:
Dungeon (3/15)

Altars:

Annotations:
D:3 infcreate's ghost, weakling MiFi


Innate Abilities, Weirdness & Mutations

Your plain brown scales are hard. (AC +5)
You cannot fit into any form of body armour.
You are cold-blooded and may be slowed by cold attacks.
You have a pair of horns on your head.


Message History

Infcreate's ghost closely misses you.
You completely miss infcreate's ghost.
Infcreate's ghost is lightly damaged.
Your adder bites infcreate's ghost but does no damage.
Your ball python bites infcreate's ghost but does no damage.
You hit infcreate's ghost.
Infcreate's ghost is lightly damaged.
Infcreate's ghost hits you.
Your adder barely misses infcreate's ghost.
Your ball python barely misses infcreate's ghost.
You hit infcreate's ghost but do no damage.
Infcreate's ghost is lightly damaged.
Your adder bites infcreate's ghost.
Infcreate's ghost hits you!
Your ball python bites infcreate's ghost but does no damage.
You punch infcreate's ghost!
Your tail-slap misses infcreate's ghost.
Infcreate's ghost is heavily damaged.
Your adder bites infcreate's ghost but does no damage.
Infcreate's ghost hits you!
You die...

#.........#.........###..##.#..#
#.........#..............##.#..#
....................###..##.#..#
....................###..##.#..#
.......................>.......#
.....##........................#
.....##...####......##.#.##.#..#
...............SS##.##.#.#.....#
.....###+###.##W@...........#..#
.##### #.##>.##.##.#.#..#..# ##
#.....##.##.#.......#
#.##.###.##.#.#..#.##
#..................###
####.###<............. #.#
####.###.###### #.# #.# #.# #.#
#.# #.#


You could see infcreate's ghost, a friendly adder and a friendly ball python.

Vanquished Creatures
  An adder (D:3)
  A worm (D:2)
  A dart slug (D:3)
  3 leopard geckos
  4 orcs (D:3)
  2 giant cockroaches
  7 goblins
  A hobgoblin (D:3)
  2 jackals (D:2)
  2 quokkas (D:3)
  A ball python (D:1)
  7 bats
  4 frilled lizards
  6 kobolds
  9 rats
51 creatures vanquished.

Vanquished Creatures (collateral kills)
  An orc wizard (D:3)
1 creature vanquished.

Grand Total: 52 creatures vanquished

Notes
Turn   | Place    | Note
-------+----------+-------------------------------------------
     0 | D:1      | microfolk the Draconian Transmuter began the quest for the Orb.
     0 | D:1      | Reached XP level 1. HP: 16/16 MP: 3/3
   295 | D:1      | Reached XP level 2. HP: 16/23 MP: 3/5
  1267 | D:2      | Reached XP level 3. HP: 27/28 MP: 6/6
  1477 | D:2      | You fall through a shaft!
  1497 | D:3      | Noticed infcreate's ghost (weakling MiFi)
  1929 | D:3      | Learned a level 2 spell: Sticks to Snakes
  1950 | D:2      | Learned a level 3 spell: Spider Form
  2711 | D:3      | Reached XP level 4. HP: 20/35 MP: 1/8
  3099 | D:3      | Slain by infcreate's ghost

Skill      XL: |  1  2  3 |
---------------+----------+-----
Transmutations | 3 |  3.5
Fighting       | |  1.1
Dodging        | |  1.7
Unarmed Combat | |  3.6
Spellcasting   | |  2.6

Action                   |  1- 3 |  4- 6 || total
-------------------------+-------+-------++-------
Melee: Unarmed           |   171 |    10 ||   181
       Kick              |    11 |       ||    11
       Tailslap          |    13 |     1 ||    14
       Headbutt          |     9 |     1 ||    10
       Punch             |     1 |       ||     1
Throw: Stone             |     9 |     6 ||    15
 Cast: Beastly Appendage |    28 |     3 ||    31
       Sticks to Snakes  |     6 |     2 ||     8
  Use: Scroll            |     5 |     3 ||     8
  Eat: Chunk             |     6 |     2 ||     8
Armor: Skin              |    57 |     3 ||    60
Dodge: Dodged            |   118 |     5 ||   123
